Map: Ever Dream LE

Players

Macksimum - Winner!

  • Race: Terran Terran
  • League: Gold
  • Spawn Location: 1:00

antagomiR

  • Race: Protoss Protoss
  • League: Gold
  • Spawn Location: 7:00

VOD

Have the link to the VOD?

Description

Time

  • Played on: April 11, 2020, 5:16 p.m.
  • Length: 16:38
Show
View Real Time Build Order
Export as new Build Order

Macksimum Terran - Winner!

Build Orders:  

Get SALT Encoding   

  12  0:02  SCV  
  13  0:16  Supply Depot  
  13  0:20  SCV  
  14  0:26  Refinery  
  14  0:37  SCV  
  15  0:45  Barracks  
  15  0:53  SCV  
  16  1:05  SCV  
  16  1:10  Supply Depot  
  17  1:17  SCV  
  18  1:20  Refinery  
  18  1:34  Orbital Command  
  18  1:44  Reaper  
  19  2:03  SCV  
  19  2:07  Factory  
  20  2:15  Engineering Bay  
  20  2:16  Reaper  
  20  2:22  SCV  
  22  2:28  Supply Depot  
  22  2:34  SCV  
  23  2:44  Terran Infantry Weapons Level 1  
  23  2:48  SCV  
  24  2:52  Supply Depot, Factory Tech Lab  
  24  3:08  Barracks Tech Lab  
  24  3:12  Barracks  
  23  3:13  Siege Tank  
  26  3:25  SCV  
  27  3:38  SCV  
  28  3:44  Marine  
  29  3:58  Marine  
  29  4:02  Marine  
  31  4:16  Marine  
  32  4:19  Marine  
  33  4:28  Siege Tank  
  36  4:34  Command Center  
  36  4:35  Barracks Reactor  
  36  4:38  Starport  
  36  4:40  Armory  
  36  4:44  Supply Depot  
  36  4:49  Supply Depot  
  36  5:09  Missile Turret  
  36  5:12  Refinery  
  36  5:19  SCV  
  37  5:25  Missile Turret  
  37  5:33  Missile Turret  
  37  5:37  Refinery  
  37  5:39  Marauder  
  39  5:49  Orbital Command  
  39  5:53  SCV  
  40  6:00  Marauder  
  40  6:04  Cyclone  
  45  6:05  SCV, Marine x2  
  47  6:17  SCV  
  48  6:18  Liberator  
  48  6:21  Marine  
  52  6:29  SCV, Marine  
  54  6:34  SCV  
  54  6:36  Widow Mine  
  57  6:41  SCV  
  57  6:45  Marine x2  
  57  6:46  SCV  
  61  6:47  Marine  
  62  6:56  Supply Depot  
  62  6:57  Widow Mine  
  62  7:00  Supply Depot  
  64  7:02  SCV  
  64  7:03  Marine x2  
  67  7:11  Liberator  
  67  7:14  SCV  
  71  7:19  Widow Mine  
  73  7:26  SCV  
  73  7:27  Marine  
  73  7:28  Marine x2  
  77  7:30  Terran Infantry Armor Level 1  
  77  7:38  Supply Depot x2, Terran Vehicle And Ship Armor Level 1  
  77  7:48  Missile Turret  
  77  7:54  Medivac  
  79  8:03  Command Center  
  79  8:06  SCV x2  
  81  8:18  SCV x2  
  80  8:25  Starport Reactor  
  80  8:30  Marine  
  80  8:31  Marine x2  
  83  8:36  Factory  
  83  8:41  Barracks  
  83  8:48  Marine  
  84  8:57  Supply Depot  
  84  8:59  Supply Depot  
  84  9:00  Marauder  
  86  9:10  SCV  
  87  9:21  Marauder, Factory Tech Lab  
  87  9:22  SCV, Marine  
  87  9:23  Marine  
  92  9:24  Terran Infantry Weapons Level 2  
  92  9:26  Medivac x2  
  96  9:32  Terran Vehicle Weapons Level 1  
  96  9:35  SCV  
  96  9:38  Planetary Fortress  
  97  9:40  Marine x2  
  97  9:43  Marauder  
  99  9:55  Refinery  
  99  9:57  Refinery  
  99  9:58  Barracks Reactor, Marine  
  100  10:00  Missile Turret x2  
  100  10:04  Marauder  
  102  10:11  Liberator x2  
  108  10:14  Marine  
  108  10:16  Marine  
  108  10:19  SCV  
  111  10:22  Missile Turret  
  111  10:25  Marauder  
  111  10:27  Siege Tank  
  111  10:28  Siege Tank  
  119  10:31  SCV  
  119  10:32  Marine  
  119  10:34  Marine  
  122  10:43  SCV  
  123  10:52  Marine x4  
  123  10:53  Marine  
  123  10:54  Medivac x2  
  123  10:55  SCV  
  133  11:00  Widow Mine x2  
  137  11:07  SCV  
  137  11:11  SCV  
  137  11:12  SCV  
  125  11:19  SCV  
  125  11:21  Widow Mine, Thor  
  125  11:24  SCV x2  
  119  11:32  SCV  
  116  11:34  Marine x4  
  116  11:35  Marine  
  116  11:36  SCV x2  
  114  11:42  Siege Tank  
  114  11:44  SCV  
  118  11:50  Terran Vehicle And Ship Armor Level 2  
  118  11:51  Command Center  
  118  11:52  Marine x5  
  123  11:58  SCV  
  124  12:02  Medivac x2  
  124  12:04  Siege Tank  
  131  12:09  Marine  
  131  12:10  SCV, Marine x4  
  137  12:20  Siege Tank  
  137  12:22  SCV  
  141  12:31  SCV, Marine x2  
  141  12:37  Supply Depot x2  
  141  12:39  Supply Depot x2  
  141  12:40  Supply Depot  
  141  12:58  Medivac, Marine x5, Siege Tank x2  
  141  13:02  Terran Infantry Weapons Level 3  
  154  13:11  Missile Turret  
  154  13:15  Supply Depot  
  154  13:23  Sensor Tower  
  154  13:27  Missile Turret  
  154  13:30  Thor  
  154  13:31  Refinery, Missile Turret, Marine x2  
  154  13:32  Missile Turret, Marine x3  
  165  13:37  Refinery  
  165  13:38  Supply Depot  
  164  13:47  Planetary Fortress  
  160  13:50  Sensor Tower  
  160  13:53  Siege Tank  
  160  14:06  Terran Vehicle Weapons Level 2  
  160  14:08  Sensor Tower  
  160  14:19  Liberator x2  
  160  14:22  Marine x2  
  160  14:23  Marine x3, Sensor Tower  
  171  14:34  Starport  
  171  14:36  Starport  
  171  14:40  Marine x2  
  171  14:41  Marine x3  
  176  14:58  Marine x2  
  178  15:04  Fusion Core  
  178  15:08  SCV  
  178  15:10  Starport Tech Lab  
  178  15:12  Starport Tech Lab  
  179  15:20  SCV  
  178  15:32  SCV  
  173  15:42  Raven x2  
  168  15:44  Marine  
  168  15:45  SCV, Marine x4, Thor  
  166  15:57  SCV  
  165  16:02  Marine x3  
  164  16:09  Marine  
  164  16:10  Marine  
  166  16:16  Hellion  
  172  16:20  Marine  
Show
View Real Time Build Order
Export as new Build Order

antagomiR Protoss 

Build Orders:  

Get SALT Encoding   

  12  0:01  Probe  
  13  0:13  Probe  
  14  0:19  Pylon  
  14  0:25  Probe  
  15  0:39  Gateway  
  15  0:42  Probe  
  16  0:54  Probe  
  16  0:55  Assimilator  
  17  1:06  Probe  
  19  1:18  Probe  
  19  1:29  Assimilator  
  19  1:31  Cybernetics Core  
  19  1:47  Probe  
  20  1:50  Pylon  
  20  1:59  Probe  
  21  2:11  Probe, Stalker  
  24  2:18  Warp Gate (Chrono Boost)  
  24  2:32  Probe  
  24  2:44  Probe  
  24  2:45  Robotics Facility  
  25  3:10  Pylon, Nexus  
  25  3:18  Gateway x2  
  25  3:19  Probe  
  26  3:24  Stalker (Chrono Boost)  
  28  3:31  Probe  
  28  3:32  Shield Battery  
  29  3:42  Observer  
  29  3:43  Probe  
  31  3:55  Probe  
  29  4:03  Immortal  
  29  4:07  Probe  
  34  4:11  Sentry  
  36  4:23  Stalker  
  38  4:30  Probe x2, Assimilator  
  39  4:32  Assimilator  
  39  4:42  Probe x2  
  39  4:43  Observer  
  39  4:44  Pylon  
  42  4:49  Twilight Council  
  42  4:54  Probe x2  
  44  5:06  Probe x2  
  46  5:18  Probe x2  
  48  5:30  Probe x2  
  48  5:32  Charge  
  50  5:37  Templar Archives  
  51  5:42  Probe, Immortal (Chrono Boost)  
  51  5:43  Probe  
  56  5:55  Pylon  
  56  5:57  Pylon  
  56  6:05  Probe x2  
  58  6:15  Immortal  
  58  6:17  Probe x2  
  63  6:29  Probe x2  
  65  6:38  Nexus  
  65  6:40  Pylon  
  65  6:41  Probe  
  65  6:43  Pylon  
  65  6:46  Zealot x2  
  70  6:59  Shield Battery  
  70  7:00  Shield Battery  
  70  7:02  Probe x2  
  72  7:14  Probe x2  
  74  7:22  Pylon  
  74  7:24  High Templar  
  74  7:25  Pylon  
  74  7:26  Probe  
  77  7:48  Gateway  
  77  7:50  Gateway  
  77  7:52  Gateway  
  77  7:53  Gateway  
  77  7:56  Gateway  
  77  8:02  Gateway x2  
  68  8:17  Stalker x2  
  68  8:18  Stalker  
  70  8:41  Pylon  
  70  8:45  Pylon  
  70  8:47  Shield Battery  
  70  8:48  Pylon  
  70  8:51  Pylon, Forge  
  70  8:54  High Templar  
  70  8:55  High Templar x5  
  80  8:56  High Templar x2  
  80  8:59  Archon  
  80  9:01  Archon x2  
  86  9:17  Probe x3  
  89  9:29  Probe x3  
  91  9:36  Stalker  
  91  9:37  Stalker x3  
  99  9:41  Probe x3  
  99  9:42  Psionic Storm  
  102  9:48  Assimilator  
  102  9:53  Probe x3, Assimilator  
  105  10:05  Probe x3  
  108  10:13  Pylon  
  108  10:17  Probe x3  
  111  10:23  Protoss Ground Weapons Level 1  
  111  10:29  Probe x3  
  111  10:30  Zealot  
  111  10:31  Zealot x2  
  111  10:32  High Templar x3  
  111  10:35  Archon  
  126  10:36  Archon  
  126  10:41  Probe x2  
  128  10:48  High Templar  
  129  10:55  Stalker x2  
  129  10:56  Stalker  
  98  11:23  Stalker x2  
  98  11:24  Stalker x3  
  98  11:25  Stalker  
  85  11:54  Probe x3  
  85  11:56  Photon Cannon  
  85  11:57  Stalker x3  
  85  11:58  Stalker  
  85  12:00  Photon Cannon  
  92  12:03  Pylon  
  92  12:05  Assimilator  
  92  12:06  Stalker  
  88  12:36  High Templar  
  90  12:49  Probe x3  
  93  12:54  Stalker  
  95  13:00  Zealot x2  
  95  13:01  Probe x3, Zealot x4  
  95  13:02  Zealot x2  
  114  13:13  Probe x3  
  117  13:25  Probe x3  
  120  13:31  Photon Cannon  
  120  13:32  Photon Cannon  
  120  13:37  Probe x3  
  119  14:00  High Templar x2  
  119  14:01  High Templar x2  
  127  14:14  High Templar  
  127  14:15  High Templar  
  131  14:19  Archon  
  131  14:23  Zealot x4  
  139  14:33  Observer  
  140  14:40  Probe x3  
  143  14:52  Probe x2  
  145  14:54  Immortal, Archon  
  149  15:03  Archon  
  149  15:15  Zealot x3  
  149  15:16  Zealot  
  77  15:50  Zealot x5  
  77  15:51  Zealot x4  
  77  16:11  High Templar  
  77  16:12  High Templar x4  
  77  16:13  High Templar x2  
  77  16:15  Zealot x2  
  77  16:17  Archon x3  
Tags
 
League
GoldGold
Matchup
PvT
Replay Pack
20200422
Spawn Locations
Cross Positions
Add a new tag
Caveats
  • Supply blocks, unpowered buildings, or Contaminate may cause inaccurate times.
  • Supply counts are checked every 10 seconds.